 Dungeon Crawl Stone Soup version 0.27.1-34-g3ba077fa99 (webtiles) character file.

Game seed: 13822294886346956219

12687 WimpyRanger the Thaumaturge (level 12, -4/85 HPs)
             Began as a Human Ice Elementalist on Dec 12, 2021.
             Was a Plaything of Xom.
             Slain by a two-headed ogre (35 damage)
             ... on level 10 of the Dungeon on Jan 23, 2022.
             The game lasted 00:51:25 (15172 turns).

WimpyRanger the Thaumaturge (HuIE)                 Turns: 15172, Time: 00:51:25

Health: -4/85      AC: 10    Str:  9    XL:     12   Next: 23%
Magic:  21/27      EV: 12    Int: 22    God:    Xom [.*....]
Gold:   460        SH:  0    Dex: 14    Spells: 8/33 levels left

rFire    + . .     SeeInvis +   i - +3 scimitar (flame)
rCold    . . .     Faith    +   (no shield)
rNeg     . . .     Spirit   .   J - +1 leather armour {rPois}
rPois    +         Reflect  .   B - +2 hat {Will+}
rElec    .         Harm     .   K - +0 cloak
rCorr    .         Rampage  .   q - +0 pair of gloves
Will     +....                  (no boots)
Stlth    +++.......             o - amulet of faith
HPRegen  0.24/turn              f - ring of poison resistance
MPRegen  0.20/turn              r - ring of flight

@: confusing by touch, freezing walls, flying
A: horns 2, iridescent scales 1, camouflage 1, see invisible, clever 1, fire
resistance 1, poison resistance, robust 1, MP-powered wands, noise suppression
a: Renounce Religion


You were on level 10 of the Dungeon.
You worshipped Xom.
You were a plaything of Xom.
You visited 2 branches of the dungeon, and saw 11 of its levels.

You collected 650 gold pieces.
You spent 190 gold pieces at shops.

Inventory:

Hand Weapons
 c - a +0 dagger
 i - a +3 scimitar of flaming (weapon)
 t - a +2 scimitar
 A - a +3 halberd
Missiles
 n - a throwing net
 M - 5 boomerangs of dispersal
 W - 12 sling bullets
 X - 8 bolts
Armour
 a - a +0 robe
 q - a +0 pair of gloves (worn)
 B - a +2 hat of willpower (worn)
 I - +0 steam dragon scales
 J - a +1 leather armour of poison resistance (worn)
 K - a +0 cloak (worn)
 P - +0 acid dragon scales
 T - a +2 leather armour of cold resistance
Magical Staves
 v - a staff of air
 Q - a staff of conjuration
Jewellery
 f - a ring of poison resistance (left hand)
 o - an amulet of faith (around neck)
 r - a ring of flight (right hand)
 G - a ring of protection from fire
 O - a ring of wizardry
Wands
 s - a wand of polymorph (8)
 H - a wand of iceblast (4)
 S - a wand of charming (12)
 U - a wand of flame (16)
 V - a wand of digging (4)
Scrolls
 d - 2 scrolls of amnesia
 e - 3 scrolls of teleportation
 h - 2 scrolls of blinking
 k - a scroll of vulnerability {unknown}
 l - a scroll of torment {unknown}
 m - 2 scrolls of noise {unknown}
 p - a scroll of summoning {unknown}
 w - a scroll of immolation {unknown}
 y - a scroll of enchant weapon
 F - 6 scrolls of identify
 L - a scroll of fog {unknown}
 Y - a scroll of magic mapping {unknown}
Potions
 b - 3 potions of brilliance
 g - 4 potions of attraction
 j - 5 potions of curing
 u - 6 potions of haste
 x - a potion of might
 z - a potion of flight {unknown}
 C - a potion of degeneration
 E - a potion of heal wounds
 N - a potion of lignification {unknown}
 R - a potion of ambrosia {unknown}


   Skills:
 - Level 2.0 Fighting
 - Level 1.0(2.1) Short Blades
 - Level 3.0(3.1) Long Blades
 + Level 0.2(0.3) Axes
 + Level 0.1(0.3) Maces & Flails
 + Level 0.1(0.3) Polearms
 + Level 0.2(0.3) Staves
 + Level 0.2(0.4) Slings
 + Level 0.2 Bows
 + Level 0.2 Crossbows
 + Level 0.5(0.6) Throwing
 - Level 2.0 Armour
 - Level 3.0 Dodging
 - Level 2.0 Stealth
 + Level 0.3 Shields
 + Level 0.3 Unarmed Combat
 - Level 11.0 Spellcasting
 - Level 4.0 Conjurations
 - Level 4.0 Hexes
 + Level 0.2 Summonings
 - Level 5.0 Necromancy
 + Level 0.2 Translocations
 + Level 0.2 Transmutations
 + Level 0.2 Fire Magic
 - Level 8.1 Ice Magic
 - Level 7.1 Air Magic
 + Level 0.2 Earth Magic
 + Level 0.2 Poison Magic
 + Level 0.2 Invocations
 - Level 4.0 Evocations


You had 8 spell levels left.
You knew the following spells:

 Your Spells              Type           Power      Damage    Failure   Level
a - Freeze                Ice            100%       1d11      1%          1
b - Frozen Ramparts       Ice            94%        1d11      1%          3
c - Ozocubu's Armour      Ice            47%        N/A       1%          3
d - Dispel Undead         Necr           34%        3d15      10%         4
e - Slow                  Hex            29%        N/A       2%          2
f - Confusing Touch       Hex            29%        N/A       4%          3
g - Hailstorm             Conj/Ice       38%        3d9       6%          4
h - Freezing Cloud        Conj/Ice/Air   20%        6-21      16%         5

Your spell library contained the following spells:

 Spells                   Type           Power      Damage    Failure   Level
 Corpse Rot               Necr/Air       N/A        N/A       1%          2
 Airstrike                Air            21%        N/A       4%          4
 Summon Lightning Spire   Summ/Air       28%        N/A       16%         4
 Metabolic Englaciation   Hex/Ice        19%        N/A       17%         5
 Gell's Gravitas          Tloc           6%         N/A       21%         3
 Lesser Beckoning         Tloc           6%         N/A       21%         3
 Teleport Other           Tloc           13%        N/A       21%         3
 Lightning Bolt           Conj/Air       18%        1d32      22%         5
 Iskenderun's Battlesphe  Conj           29%        2d8       36%         5
 Simulacrum               Ice/Necr       20%        N/A       61%         6
 Yara's Violent Unravell  Hex/Tmut       10%        3d6       65%         5
 Death Channel            Necr           17%        N/A       82%         6
 Iron Shot                Conj/Erth      10%        9d3       99%         6
 Spellforged Servitor     Conj/Summ      10%        N/A       100%        7
 Polar Vortex             Ice            23%        N/A       100%        9


Dungeon Overview and Level Annotations

Branches:
Dungeon (10/15)            Temple (0/1) D:7            Lair (0/6) D:10
    Orc (1/2) D:9

Altars:
Ashenzari
Cheibriados
Elyvilon
Gozag
Hepliaklqana
Makhleb
Okawaru
Qazlal
Ru
Trog
Uskayaw
Wu Jian
Xom
Yredelemnul

Shops:
D:4 !   D:6 [(


Innate Abilities, Weirdness & Mutations

You have a pair of horns on your head.
You are partially covered in iridescent scales. (AC +2)
Your skin changes colour to match your surroundings (Stealth+).
You have supernaturally acute eyesight. (SInv)
Your mind is acute. (Int +2)
Your flesh is heat resistant. (rF+)
Your system is resistant to poisons. (rPois)
You are robust. (+10% HP)
You expend magic power (3 MP) to strengthen your wands.
You passively dampen the noise of your surroundings.


Message History

The walls around you are covered in ice.
The two-headed ogre shouts in stereo!
Your quasit bites the wraith but does no damage.
Your quasit claws the wraith but does no damage. x2
The wall freezes the two-headed ogre!
The wraith resists.
The wall freezes the wraith.
The wraith closely misses your quasit.
Unknown command.
Casting: Frozen Ramparts (safe; 1% risk of failure)
Confirm with . or Enter, or press ? or * to list all spells.
You don't have enough magic to cast this spell.
Unknown command.
Magic courses through your body.
Your quasit bites the wraith but does no damage.
Your quasit claws the wraith but does no damage. x2
The wall freezes the two-headed ogre.
The two-headed ogre hits you with a +0 giant spiked club.
The two-headed ogre barely misses you.
The wraith resists.
The wall freezes the wraith.
The wraith barely misses your quasit.
Your quasit bites the wraith but does no damage.
Your quasit barely misses the wraith.
Your quasit claws the wraith.
Unknown command.
Casting: Frozen Ramparts (safe; 1% risk of failure)
Confirm with . or Enter, or press ? or * to list all spells.
Your hands begin to glow red.
The wall freezes the two-headed ogre.
The two-headed ogre hits you with a +0 giant spiked club!!
The two-headed ogre barely misses you.
Your quasit closely misses the wraith.
Your quasit completely misses the wraith.
Your quasit claws the wraith but does no damage.
The wraith resists.
The wall freezes the wraith.
The wraith barely misses your quasit.
Casting: Confusing Touch (mildly dangerous; 4% risk of failure)
Confirm with . or Enter, or press ? or * to list all spells.
Your hands begin to glow brighter.
Your ufetubus is no longer moving slowly.
Your quasit bites the wraith but does no damage.
Your quasit misses the wraith.
Your quasit barely misses the wraith.
The wall freezes the two-headed ogre!
The two-headed ogre hits you with a +0 giant spiked club!!
You die...
Xom is highly amused!

#(# #.# #.# #.# #. #.###
#.#W# #.# ## #.#.#.#.# #.#
#. #.#:###!#5#)# #.# #.# #.
#.#.#.#†# #.# #.# #.
##.#5#W###.# #.#
#.##.#.#.#5#O# #.#
#.#.#.#5###@###O#
#.##)#.#.#.#5#.#
#.#)#.###)###5#
#..#########################
#..........................#
##################..........
#.......... #..........
#..........


You could see a two-headed ogre, a wraith (ally target), a friendly quasit
(summoned), a friendly shadow imp (summoned) and a friendly ufetubus (summoned).

Vanquished Creatures
  A boulder beetle (D:6)
  Erica (D:10)
  A two-headed ogre (D:10)
  Pikel (D:7)
  An orc sorcerer (Orc:1)
  A komodo dragon (D:10)
  A hornet (D:7)
  A hornet (shapeshifter) (D:5)
  18 yaks
  A wraith (D:7)
  A shadow (D:10)
  A wyvern (D:7)
  A vampire (D:10)
  2 steam dragons (D:7)
  An acid dragon (D:9)
  A water moccasin (D:7)
  8 orc warriors
  3 black bears
  3 ogres
  A sky beast (D:6)
  A hornet zombie (D:7)
  A necrophage (D:7)
  5 centaurs
  A phantom (D:6)
  4 kobold brigands
  6 bullfrogs
  A wyvern zombie (D:7)
  3 scorpions
  A water moccasin skeleton (D:7)
  8 killer bees
  A howler monkey (D:7)
  A jelly (D:5)
  3 centaur zombies
  A centaur skeleton (D:6)
  7 orc priests
  A bullfrog skeleton (D:5)
  3 hounds
  3 gnoll shamans
  Jessica (D:2)
  An iguana (D:7)
  11 orc wizards
  A killer bee zombie (D:9)
  A hound zombie (D:5)
  2 hound skeletons
  2 howler monkey zombies (D:7)
  17 gnolls
  11 adders
  A howler monkey skeleton (D:4)
  A river rat (D:3)
  A white imp (D:6)
  3 ufetubi
  2 worms
  3 dart slugs (D:3)
  37 orcs
  7 ball pythons
  4 endoplasms
  2 giant cockroaches
  2 goblins
  2 hobgoblins
  2 quokkas
  3 bats
  2 frilled lizards (D:2)
  13 kobolds
  4 rats
236 creatures vanquished.

Vanquished Creatures (collateral kills)
  A deep elf pyromancer (D:8)
  Maurice (D:8)
  A hornet (D:8)
  A spriggan (D:5)
  A wyvern (D:8)
  A steam dragon (D:10)
  2 orc warriors
  An ice beast (D:9)
  A bullfrog (D:10)
  A water moccasin skeleton (D:6)
  A howler monkey (D:8)
  A centaur zombie (D:8)
  2 orc priests (D:8)
  3 orcs
  2 kobolds (D:6)
20 creatures vanquished.

Vanquished Creatures (others)
  An orc priest (D:7)
  An orc (D:7)
  A fungus (D:10)
  3 plants
6 creatures vanquished.

Grand Total: 262 creatures vanquished

Notes
Turn   | Place    | Note
-------+----------+-------------------------------------------
     0 | D:1      | WimpyRanger the Human Ice Elementalist began the quest for
                  | the Orb.
     0 | D:1      | Reached XP level 1. HP: 13/13 MP: 3/3
  1098 | D:1      | Reached XP level 2. HP: 18/19 MP: 5/5
  1815 | D:2      | Reached XP level 3. HP: 25/25 MP: 4/6
  1819 | D:2      | Learned a level 3 spell: Frozen Ramparts
  1885 | D:2      | Reached skill level 1 in Short Blades
  2462 | D:2      | Found a faded altar of an unknown god.
  2465 | D:2      | Became a worshipper of Xom of Chaos
  2543 | D:2      | Reached XP level 4. HP: 31/31 MP: 6/8
  2665 | D:2      | Noticed Jessica
  2671 | D:2      | Killed Jessica
  2672 | D:2      | Reached skill level 3 in Spellcasting
  2733 | D:2      | Found a white marble altar of Elyvilon.
  2848 | D:2      | XOM: noise
  2863 | D:3      | Noticed Terence
  3118 | D:3      | XOM: smoke on damage
  3156 | D:3      | XOM: silly message
  3188 | D:3      | Reached XP level 5. HP: 27/36 MP: 5/9
  3347 | D:3      | XOM: give mutation
  3347 | D:3      | Gained mutation: You are partially covered in iridescent
                  | scales. (AC +2) [Xom's grace]
  3354 | D:3      | Learned a level 3 spell: Ozocubu's Armour
  3356 | D:3      | XOM: give mutations
  3356 | D:3      | Gained mutation: You are weak. (Str -2) [Xom's mischief]
  3356 | D:3      | Gained mutation: You are dopey. (Int -2) [Xom's mischief]
  3356 | D:3      | Gained mutation: You are clumsy. (Dex -2) [Xom's mischief]
  3375 | D:3      | Noticed Terence
  3375 | D:3      | Terence changed into Terence the river rat
  3375 | D:3      | XOM: polymorph Terence -> Terence the river rat
  3380 | D:3      | Killed Terence the river rat
  3442 | D:3      | Found a bloodstained altar of Trog.
  3719 | D:3      | XOM: silly message
  3838 | D:3      | Upgraded the game from 0.27.1-33-g824d729ab1 to
                  | 0.27.1-34-g3ba077fa99
  3875 | D:3      | XOM: draining
  3993 | D:3      | XOM: silly message
  4151 | D:3      | Learned a level 4 spell: Dispel Undead
  4184 | D:4      | XOM: noise
  4192 | D:3      | XOM: summons 1 hostile demon
  4525 | D:3      | XOM: repel stairs
  4615 | D:3      | XOM: divination: magic mapping
  4691 | D:4      | XOM: summons 3 hostile demons
  4755 | D:3      | XOM: give mutations
  4755 | D:3      | Gained mutation: You have a pair of small horns on your
                  | head. [Xom's grace]
  4755 | D:3      | Gained mutation: You passively map a small area around you.
                  | [Xom's grace]
  4755 | D:3      | Gained mutation: You have a pair of horns on your head.
                  | [Xom's grace]
  4789 | D:4      | Found a hazy altar of Hepliaklqana.
  4815 | D:4      | Noticed an ogre
  4817 | D:4      | Reached skill level 5 in Ice Magic
  4817 | D:4      | Reached XP level 6. HP: 37/39 MP: 5/11
  4821 | D:4      | Reached skill level 4 in Spellcasting
  4824 | D:4      | Killed an ogre
  4890 | D:4      | Noticed an ogre
  4893 | D:4      | XOM: confuse monster(s)
  4900 | D:4      | Killed an ogre
  4901 | D:4      | Reached XP level 7. HP: 18/47 MP: 9/14
  5219 | D:4      | XOM: cloud trail
  5317 | D:4      | XOM: cloud trail
  5444 | D:4      | Found Daenekk's Distillery.
  5471 | D:4      | XOM: silly message
  5529 | D:4      | Reached skill level 1 in Long Blades
  5529 | D:4      | Reached skill level 5 in Spellcasting
  5664 | D:4      | XOM: stat loss: -1 Int (14/15)
  5997 | D:5      | Entered Level 5 of the Dungeon
  6012 | D:5      | XOM: enchant monster (bad)
  6063 | D:5      | XOM: 1-stop teleportation journey
  6095 | D:5      | XOM: torment (22/47 hp)
  6157 | D:5      | XOM: potion effect (brilliance)
  6178 | D:5      | XOM: stat loss: -1 Int (14/15)
  6197 | D:5      | XOM: scenery: create altars
  6203 | D:5      | Reached skill level 1 in Fighting
  6215 | D:5      | Found an opulent altar of Gozag.
  6215 | D:5      | XOM: 1-stop teleportation journey
  6258 | D:5      | XOM: god gift: potion of attraction
  6475 | D:5      | Found a snail-covered altar of Cheibriados.
  6485 | D:5      | Noticed a yak
  6485 | D:5      | Noticed a yak
  6485 | D:5      | Noticed a yak
  6485 | D:5      | Noticed a yak
  6485 | D:5      | Noticed a yak
  6486 | D:5      | Noticed a yak
  6487 | D:5      | XOM: cleaving
  6552 | D:5      | Reached XP level 8. HP: 22/54 MP: 9/16
  6772 | D:5      | XOM: cleaving
  6826 | D:5      | Learned a level 2 spell: Slow
  7023 | D:5      | XOM: butterfly on damage
  7024 | D:5      | XOM: butterfly on damage
  7034 | D:5      | Reached skill level 6 in Spellcasting
  7034 | D:5      | Reached skill level 1 in Necromancy
  7200 | D:5      | XOM: give mutations
  7200 | D:5      | Lost mutation: You are dopey. (Int -2) [Xom's grace]
  7200 | D:5      | Gained mutation: You evolve. [Xom's grace]
  7200 | D:5      | Lost mutation: You evolve. [Xom's grace]
  7200 | D:5      | Gained mutation: You are somewhat resistant to further
                  | mutation. [Xom's grace]
  7221 | D:5      | XOM: give mutations
  7221 | D:5      | Gained mutation: You are robust. (+10% HP) [Xom's grace]
  7221 | D:5      | Gained mutation: Your flesh is heat resistant. (rF+) [Xom's
                  | grace]
  7366 | D:5      | Noticed a shapeshifter
  7366 | D:5      | a yak changed into a shapeshifter
  7366 | D:5      | XOM: polymorph yak -> shapeshifter
  7366 | D:5      | Noticed a hornet
  7366 | D:5      | a shapeshifter changed into a hornet
  7377 | D:5      | Killed a hornet
  7378 | D:5      | Reached skill level 1 in Hexes
  7383 | D:5      | Killed a yak
  7384 | D:5      | Reached skill level 7 in Spellcasting
  7384 | D:5      | Killed a yak
  7385 | D:5      | Reached XP level 9. HP: 64/64 MP: 3/20
  7387 | D:5      | XOM: polymorph yak -> spriggan
  7388 | D:5      | XOM: summons 3 friendly demons
  7400 | D:5      | Reached skill level 8 in Spellcasting
  7405 | D:5      | XOM: god gift: +2 hat of willpower
  7424 | D:5      | XOM: give mutations
  7424 | D:5      | Gained mutation: You are mostly covered in iridescent
                  | scales. (AC +4) [Xom's grace]
  7424 | D:5      | Gained mutation: You possess an exceptional clarity of
                  | mind. [Xom's grace]
  7424 | D:5      | Lost mutation: You are clumsy. (Dex -2) [Xom's grace]
  7424 | D:5      | Gained mutation: Your mind is acute. (Int +2) [Xom's grace]
  7551 | D:5      | XOM: scenery: summon butterflies
  7559 | D:5      | XOM: polymorph butterfly -> bat
  7633 | D:5      | Found an ornate altar of the Wu Jian Council.
  7716 | D:4      | Bought a potion of haste for 100 gold pieces
  7716 | D:4      | Bought a potion of degeneration for 10 gold pieces
  7716 | D:4      | Bought a potion of magic for 80 gold pieces
  7779 | D:6      | Found a stormy altar of Qazlal.
  7973 | D:6      | XOM: summons 5 hostile demons
  7974 | D:6      | Noticed an orange demon
  7974 | D:6      | Noticed a soul eater
  8185 | D:6      | XOM: divination: detect items
  8507 | D:6      | Learned a level 3 spell: Confusing Touch
  8691 | D:6      | Reached skill level 9 in Spellcasting
  8776 | D:6      | XOM: 3-stop teleportation journey
  8847 | D:6      | XOM: scenery: create altars
  8936 | D:6      | XOM: give mutations
  8936 | D:6      | Lost mutation: You possess an exceptional clarity of mind.
                  | [Xom's mischief]
  8936 | D:6      | Lost mutation: You are weak. (Str -2) [Xom's mischief]
  8936 | D:6      | Lost mutation: Your mind is acute. (Int +2) [Xom's
                  | mischief]
  8936 | D:6      | Gained mutation: You are occasionally teleported next to
                  | monsters. [Xom's mischief]
  9051 | D:6      | Found Mom Naud's Antique Armour Shoppe.
  9065 | D:6      | Reached skill level 1 in Air Magic
  9216 | D:6      | Noticed a boulder beetle
  9217 | D:6      | XOM: confuse monster(s)
  9235 | D:6      | Killed a boulder beetle
  9236 | D:6      | Reached skill level 10 in Spellcasting
  9236 | D:6      | Reached XP level 10. HP: 62/71 MP: 9/24
  9436 | D:6      | XOM: give mutations
  9436 | D:6      | Lost mutation: You are somewhat resistant to further
                  | mutation. [Xom's mischief]
  9436 | D:6      | Gained mutation: You are dopey. (Int -2) [Xom's mischief]
  9436 | D:6      | Lost mutation: You are occasionally teleported next to
                  | monsters. [Xom's mischief]
  9452 | D:6      | Found Ijeenis's Weapon Shoppe.
  9576 | D:6      | XOM: give mutations
  9576 | D:6      | Lost mutation: You are dopey. (Int -2) [Xom's mischief]
  9576 | D:6      | Gained mutation: You sometimes lose the ability to read
                  | scrolls when taking damage. [Xom's mischief]
  9576 | D:6      | Lost mutation: You are mostly covered in iridescent scales.
                  | (AC +4) [Xom's mischief]
  9603 | D:6      | XOM: draining
  9701 | D:7      | XOM: silly message
  9728 | D:7      | Found a white marble altar of Elyvilon.
  9728 | D:7      | XOM: 3-stop teleportation journey
  9731 | D:7      | XOM: blink monster(s)
  9735 | D:7      | XOM: potion effect (curing)
  9896 | D:7      | XOM: divination: detect creatures
  9914 | D:7      | Learned a level 4 spell: Hailstorm
  9920 | D:7      | Learned a level 5 spell: Freezing Cloud
 10022 | D:7      | XOM: noise
 10173 | D:7      | XOM: summons 5 hostile demons
 10248 | D:7      | XOM: give mutation
 10248 | D:7      | Lost mutation: You sometimes lose the ability to read
                  | scrolls when taking damage. [Xom's mischief]
 10355 | D:7      | Reached skill level 11 in Spellcasting
 10482 | D:7      | XOM: enchant monster (bad)
 10489 | D:7      | XOM: confusion
 10491 | D:7      | XOM: confuse monster(s)
 10493 | D:7      | XOM: enchant monster (bad)
 10498 | D:7      | XOM: fog
 10698 | D:7      | XOM: give mutation
 10698 | D:7      | Lost mutation: You are partially covered in iridescent
                  | scales. (AC +2) [Xom's mischief]
 10699 | D:7      | Noticed Pikel
 10709 | D:7      | Killed Pikel
 10808 | D:7      | Paralysed by a hornet for 2 turns
 10933 | D:7      | Found a staircase to the Ecumenical Temple.
 10978 | D:7      | Reached skill level 5 in Air Magic
 11039 | D:7      | XOM: 1-stop teleportation journey
 11110 | D:7      | XOM: swap monsters
 11110 | D:7      | XOM: smoke on damage
 11432 | D:7      | Reached XP level 11. HP: 54/77 MP: 22/26
 11497 | D:7      | XOM: give mutations
 11497 | D:7      | Lost mutation: You passively map a small area around you.
                  | [Xom's mischief]
 11497 | D:7      | Gained mutation: Your skin changes colour to match your
                  | surroundings (Stealth+). [Xom's mischief]
 11671 | D:8      | Noticed a deep elf pyromancer
 11682 | D:8      | Killed a deep elf pyromancer
 11932 | D:8      | Noticed Maurice
 11932 | D:8      | XOM: 8-stop teleportation journey
 11936 | D:8      | XOM: cast spell 'Summon Dragon'
 11940 | D:8      | Reached skill level 1 in Evocations
 11942 | D:8      | Killed Maurice
 11943 | D:8      | Reached skill level 5 in Necromancy
 12139 | D:8      | XOM: divination: magic mapping
 12144 | D:8      | XOM: divination: detect creatures
 12150 | D:8      | Reached skill level 1 in Armour
 12411 | D:9      | XOM: 1-stop teleportation journey
 12412 | D:9      | Found a hide-covered altar of Uskayaw.
 12412 | D:9      | Found a burning altar of Makhleb.
 12412 | D:9      | XOM: 1-stop teleportation journey
 12424 | D:9      | XOM: summons 2 hostile shadow creatures
 12437 | D:9      | XOM: cast spell 'Summon Ice Beast'
 12471 | D:9      | XOM: god gift: 5 boomerangs of dispersal
 12576 | D:9      | XOM: swap monsters
 12688 | D:9      | Found a sacrificial altar of Ru.
 12688 | D:9      | Found a basalt altar of Yredelemnul.
 12690 | D:9      | Found a broken altar of Ashenzari.
 12708 | D:9      | XOM: cast spell 'Summon Horrible Things'
 12848 | D:9      | Found an iron altar of Okawaru.
 13399 | D:9      | XOM: smoke on damage
 13805 | D:9      | Found a staircase to the Orcish Mines.
 13853 | D:9      | XOM: give mutations
 13853 | D:9      | Gained mutation: You expend magic power (3 MP) to
                  | strengthen your wands. [Xom's grace]
 13853 | D:9      | Gained mutation: You are partially covered in iridescent
                  | scales. (AC +2) [Xom's grace]
 13853 | D:9      | Gained mutation: You have supernaturally acute eyesight.
                  | (SInv) [Xom's grace]
 13854 | Orc:1    | Entered Level 1 of the Orcish Mines
 13875 | Orc:1    | XOM: enchant monster (good)
 14069 | Orc:1    | XOM: scenery: summon butterflies
 14094 | Orc:1    | Noticed an orc sorcerer
 14099 | Orc:1    | Killed an orc sorcerer
 14100 | Orc:1    | Reached skill level 1 in Conjurations
 14191 | D:10     | Entered Level 10 of the Dungeon
 14195 | D:10     | XOM: summons 7 friendly demons
 14207 | D:10     | XOM: cast spell 'Shadow Creatures'
 14264 | D:10     | XOM: god gift: 12 sling bullets
 14292 | D:10     | Noticed Erica
 14319 | D:10     | Killed Erica
 14465 | D:10     | XOM: god gift: 28 gold pieces
 14751 | D:10     | Found a staircase to the Lair.
 14857 | D:10     | XOM: give mutations
 14857 | D:10     | Gained mutation: Your system is resistant to poisons.
                  | (rPois) [Xom's grace]
 14857 | D:10     | Gained mutation: Your mind is acute. (Int +2) [Xom's grace]
 15008 | D:10     | XOM: cloud trail
 15029 | D:10     | XOM: give mutation
 15029 | D:10     | Gained mutation: You passively dampen the noise of your
                  | surroundings. [Xom's grace]
 15033 | D:10     | XOM: summons friendly quasit
 15107 | D:10     | XOM: cast spell 'Disjunction'
 15116 | D:10     | Noticed a two-headed ogre
 15126 | D:10     | Reached XP level 12. HP: 82/85 MP: 20/27
 15132 | D:10     | XOM: confusion (+ monsters)
 15136 | D:10     | XOM: cast spell 'Olgreb's Toxic Radiance'
 15144 | D:10     | Killed a two-headed ogre
 15145 | D:10     | Noticed a two-headed ogre
 15153 | D:10     | XOM: summons 5 friendly demons
 15166 | D:10     | Noticed a two-headed ogre
 15172 | D:10     | Slain by a two-headed ogre

Illustrated notes

Levels and vault maps discovered:
D:1:      saegor_arrival_miasma, layout_loops_corners
D:2:      minmay_wonky_spiral, layout_loops_ring, basic_altar,
          shapermc_ecumenical_altar_mp_urbaneastern, minmay_misc_feat_columns,
          uniq_jessica
D:3:      layout_loops_ring, lightli_temple_of_fire, minmay_circle_x,
          uniq_terence
D:4:      layout_cave_pods, kennysheep_mini_moat, serial_shops,
          nicolae_take_the_stairs
D:5:      layout_basic, nicolae_overflow_hidden_temple,
          mainiacjoe_overflow_cross_hatched, grunt_gozag_breadcrumbs,
          grunt_ministairs_4
D:6:      layout_loops_corners, grunt_qazlal_sundering, serial_shops, shop, shop
D:7:      layout_basic, elyvilon_altar_5, temple_green, minmay_alternating_orb,
          uniq_pikel
D:8:      layout_rooms, uniq_maurice
D:9:      layout_gridville, grunt_temple_overflow_open, marbit_many_paths,
          erik_orc_2, minivault_5
D:10:     minmay_imperfect_grid, layout_basic, grunt_lair_entry_orc_guard_hut,
          st_stairs_6, uniq_erica
Orc:1:    orc_temple, layout_caves, serial_shops,
          nicolae_shop_temple_entry_statues_fountains

Skill      XL: |  1  2  3  4  5  6  7  8  9 10 11 12 |
---------------+-------------------------------------+-----
Short Blades   | 1 |  1.0
Spellcasting   | 3 4 5 7 10 11 | 11.0
Ice Magic      | 5 6 8 |  8.1
Long Blades    | 2 3 |  3.0
Dodging        | 3 |  3.0
Fighting       | 1 2 |  2.0
Necromancy     | 2 3 5 |  5.0
Hexes          | 1 3 4 |  4.0
Air Magic      | 1 5 7 |  7.1
Evocations     | 2 4 |  4.0
Armour         | 2 |  2.0
Conjurations   | 2 4 |  4.0
Axes           | |  0.2
Maces & Flails | |  0.1
Polearms       | |  0.1
Staves         | |  0.2
Slings         | |  0.2
Bows           | |  0.2
Crossbows      | |  0.2
Throwing       | |  0.5
Stealth        | |  2.0
Shields        | |  0.3
Unarmed Combat | |  0.3
Summonings     | |  0.2
Translocations | |  0.2
Transmutations | |  0.2
Fire Magic     | |  0.2
Earth Magic    | |  0.2
Poison Magic   | |  0.2
Invocations    | |  0.2

Action                   |  1- 3 |  4- 6 |  7- 9 | 10-12 || total
-------------------------+-------+-------+-------+-------++-------
Melee: Dagger            |    16 |    16 |       |       ||    32
       Scimitar          |       |    12 |   137 |   159 ||   308
       Headbutt          |       |     2 |    22 |    28 ||    52
       Staff             |       |       |       |     5 ||     5
 Cast: Freeze            |    34 |    36 |    36 |    56 ||   162
       Frozen Ramparts   |     1 |     8 |    25 |    36 ||    70
       Ozocubu's Armour  |       |     2 |    23 |    31 ||    56
       Dispel Undead     |       |       |       |    21 ||    21
       Slow              |       |       |       |     2 ||     2
       Hailstorm         |       |       |       |     4 ||     4
       Freezing Cloud    |       |       |       |     1 ||     1
       Confusing Touch   |       |       |       |     2 ||     2
Evoke: Wand              |       |       |       |    11 ||    11
  Use: Scroll            |     2 |       |    11 |     1 ||    14
       Potion            |       |       |     2 |     3 ||     5
 Stab: Sleeping          |     1 |     3 |     2 |     2 ||     8
       Distracted        |     1 |       |       |       ||     1
       Paralysed         |       |       |       |     2 ||     2
       Invisible         |       |       |       |     1 ||     1
Armor: Robe              |     5 |    15 |    83 |    58 ||   161
       Leather armour    |       |       |       |    41 ||    41
Dodge: Dodged            |    25 |    50 |   124 |   169 ||   368
       Rpst.: Scimitar   |       |     1 |    36 |    42 ||    79
